 Dungeon Crawl Stone Soup version 0.22-a0-86-g94e0ad4 (webtiles) character file.

117 wvc the Covered (level 4, -1/33 HPs)
             Began as a Demonspawn Wanderer on Jan 20, 2018.
             Slain by Natasha (5 damage)
             ... on level 2 of the Dungeon.
             The game lasted 00:03:21 (1551 turns).

wvc the Covered (Demonspawn Wanderer)               Turns: 1551, Time: 00:03:23

Health: -1/33      AC:  9    Str: 12    XL:     4   Next: 71%
Magic:  4/4        EV: 10    Int: 13    God:
Gold:   114        SH:  0    Dex: 14    Spells: 3/3 levels left

rFire    . . .     SeeInvis .   b - +0 hand crossbow
rCold    . . .     Gourm    .   (no shield)
rNeg     . . .     Faith    +   q - +0 ring mail
rPois    .         Spirit   .   (no helmet)
rElec    .         Reflect  .   (no cloak)
rCorr    .         Harm     .   r - +0 pair of gloves
MR       .....                  (no boots)
Stlth    +.........             n - amulet of faith
HPRegen  0.11/turn              k - ring of wizardry
MPRegen  0.09/turn              (no ring)

@: slowed, very slow
A: hooves 1, icy blue scales 1
a: no special abilities


You were on level 2 of the Dungeon.
You were not hungry.

You visited 1 branch of the dungeon, and saw 2 of its levels.

You collected 114 gold pieces.

Inventory:

Hand Weapons
 b - a +0 hand crossbow (weapon)
Missiles
 c - 11 bolts (quivered)
Armour
 q - a +0 ring mail (worn)
 r - a +0 pair of gloves (worn)
Jewellery
 j - an uncursed amulet of magic regeneration
 k - a ring of wizardry (left hand)
 n - an amulet of faith (around neck)
Scrolls
 a - a scroll of fear {unknown}
 e - 3 scrolls of identify {unknown}
 g - a scroll of enchant weapon {unknown}
 p - a scroll of teleportation {unknown}
Potions
 d - 2 potions of curing
 h - a potion of agility {unknown}
 i - a potion of lignification {unknown}
 l - a potion of haste {unknown}
 m - a potion of brilliance {unknown}
 o - a potion of degeneration {unknown}
Comestibles
 f - 3 rations


   Skills:
 - Level 2.1 Fighting
 - Level 1.7 Crossbows
 - Level 4.4 Armour
 - Level 1.0 Stealth
 + Level 3.0 Unarmed Combat
   Level 1.0 Evocations


You had 3 spell levels left.
You didn't know any spells.

Dungeon Overview and Level Annotations

Branches:
Dungeon (2/15)

Altars:

Annotations:
D:2 Natasha


Innate Abilities, Weirdness & Mutations

You have large cloven feet.
You are partially covered in icy blue scales. (AC +2)


Message History

The bolt hits Natasha but does no damage.
The white imp gestures at you. The puff of frost hits you!
* * * LOW HITPOINT WARNING * * *
The crimson imp closely misses you. The shadow imp closely misses you.
Natasha claws you but does no damage. The white imp barely misses you.
The crimson imp blinks!
The shadow imp hits you.
* * * LOW HITPOINT WARNING * * *
Natasha extends her claws.
Natasha completely misses you.
Firing (i - inventory):
c - 12 bolts (quivered)
Press: ? - help, Shift-Dir - straight line, f/p - Natasha
Aim: Natasha You shoot a bolt.
The bolt hits Natasha!
Natasha is heavily wounded.
The white imp hits you but does no damage.
The crimson imp blinks!
The shadow imp hits you but does no damage.
Natasha claws you.
You die...

......## #.# ##.....#..#[#..
.....## #.#######.........#.#..
.##########.##.......##.##..#.#..
...............#####.#.(##..#.#..
..########..##### #.(..####.#.#..
.## ##.....###..### #...... ##
#........(..# ####.####
#.()....h##.# #....#
#.....5@5...####.####
#..ยง...(.####....####
##########.......[...........##
.........#.............#####..###
.....###....5....<####### ##....
.....#######.##.(.......#####....
.............##########..........
.....######### #######.... .....#
#####


You could see Natasha, a crimson imp, a white imp and a shadow imp.

Vanquished Creatures
  Natasha (twice) (D:2)
  An adder (D:1)
  2 worms (D:2)
  A leopard gecko (D:1)
  7 giant cockroaches
  9 goblins
  5 hobgoblins (D:1)
  7 jackals (D:1)
  5 kobolds
  4 bats
  3 frilled lizards
  3 rats
49 creatures vanquished.

Notes
Turn   | Place    | Note
-------+----------+-------------------------------------------
     0 | D:1      | wvc the Demonspawn Wanderer began the quest for the Orb.
     0 | D:1      | wvc set off with: a +2 scale mail, a +0 hand crossbow, 21 bolts, a potion of curing, a ration
     0 | D:1      | Reached XP level 1. HP: 16/16 MP: 1/1
    14 | D:1      | Reached skill level 4 in Armour
    43 | D:1      | Gained mutation: You have large cloven feet. [demonic ancestry]
    43 | D:1      | Reached XP level 2. HP: 21/22 MP: 2/2
   216 | D:1      | Gained mutation: You are partially covered in icy blue scales. (AC +2) [demonic ancestry]
   216 | D:1      | Reached XP level 3. HP: 27/27 MP: 3/3
   756 | D:1      | Reached skill level 1 in Unarmed Combat
  1073 | D:2      | Noticed Natasha
  1091 | D:2      | Killed Natasha
  1091 | D:2      | Reached XP level 4. HP: 13/33 MP: 4/4
  1419 | D:2      | Noticed Natasha
  1423 | D:2      | Killed Natasha
  1539 | D:2      | Noticed Natasha
  1551 | D:2      | Slain by Natasha

Vault maps used:
D:1:      dpeg_arrival_court
D:2:      minmay_wonky_spiral, minmay_door_square, minmay_pentomino_o2,
          uniq_natasha

Skill      XL: |  1  2  3  4 |
---------------+-------------+-----
Armour         | 4 |  4.4
Unarmed Combat | 2 3 |  3.0
Fighting       | |  2.1
Crossbows      | |  1.7
Stealth        | |  1.0
Evocations     | |  1.0

Action                   |  1- 3 |  4- 6 || total
-------------------------+-------+-------++-------
Melee: Unarmed           |    20 |    19 ||    39
       Kick              |     7 |     7 ||    14
 Fire: Hand crossbow     |    95 |    26 ||   121
  Eat: Chunk             |       |     2 ||     2
Armor: Scale mail        |    71 |    16 ||    87
       Ring mail         |       |    18 ||    18
Dodge: Dodged            |    47 |    34 ||    81

Table legend:
 A = Spawn XP
 B = Non-spawn XP
 C = Spawn XP percentage of total XP
 D = Spawn monster count
 E = Non-spawn monster count
 F = Spawn count percentage of total count
 G = Total turns spent on level
                    A         B        C        D         E        F      G
               +---------+---------+-------+---------+---------+-------+---------
         Total |       0 |     168 |   0.0 |       0 |      49 |   0.0 |  1551
               +---------+---------+-------+---------+---------+-------+---------
           D:1 |       0 |      74 |   0.0 |       0 |      35 |   0.0 |   973
           D:2 |       0 |      94 |   0.0 |       0 |      14 |   0.0 |   578
               +---------+---------+-------+---------+---------+-------+---------
